 Dungeon Crawl Stone Soup version 0.21-a0-94-gdd6ab6a (webtiles) character file.

2015 4thArraOfDagon the Martial Artist (level 9, -5/46 HPs)
             Began as a Vine Stalker Enchanter on July 3, 2017.
             Was a Believer of Wu Jian.
             Slain by an orc warrior
             ... wielding a +1 trident of venom
              (10 damage)
             ... on level 8 of the Dungeon.
             The game lasted 00:17:26 (2966 turns).

4thArraOfDagon the Martial Artist (VSEn)            Turns: 2966, Time: 00:17:26

Health: -5/46      AC:  7    Str: 12    XL:     9   Next: 22%
Magic:  0/22       EV: 11    Int: 18    God:    Wu Jian [**....]
Gold:   201        SH:  0    Dex: 11    Spells: 4/12 levels left

rFire    + . .     SeeInvis .     - Unarmed
rCold    . . .     Gourm    .   (no shield)
rNeg     + + .     Faith    .   f - +0 ring mail
rPois    .         Spirit   +   k - +0 helmet of the Unseen Realm {rF+ rN++ MP+9 Str+2 Dex-5}
rElec    .         Reflect  .   g - +0 cloak
rCorr    .         Harm     +   (no gloves)
MR       +....                  (no boots)
Stlth    ++........             v - amulet of harm
HPRegen  0.55/turn              (no ring)
MPRegen  0.18/turn              (no ring)

@: lethally poisoned (-5 -> -13)
A: fangs 3, regeneration 1, magic shield, antimagic bite, no potion heal 3, rot
immunity
a: Renounce Religion


You were on level 8 of the Dungeon.
You worshipped Wu Jian.
Wu Jian was pleased with you.
You were hungry.

You visited 1 branch of the dungeon, and saw 8 of its levels.
You also visited: Sewer.

You collected 201 gold pieces.

Inventory:

Hand Weapons
 a - a +1 dagger
 o - the +5 arbalest of Conservatism {venom, Int+3, unknown}
   (You found it in a sewer)

   It poisons the ammo it fires.
   It affects your intelligence (+3).
 p - a +0 blowgun
Missiles
 l - 3 steel tomahawks (quivered)
 q - 2 curare-tipped needles
Armour
 b - a +0 robe
 f - a +0 ring mail (worn)
 g - a +0 cloak (worn)
 k - the +0 helmet of the Unseen Realm (worn) {rF+ rN++ MP+9 Str+2 Dex-5}
   (You found it on level 4 of the Dungeon)

   It affects your strength (+2).
   It affects your dexterity (-5).
   It protects you from fire.
   It greatly protects you from negative energy.
   It affects your magic capacity (+9).
Jewellery
 v - an amulet of harm (around neck)
Wands
 y - a wand of acid (11/15)
 z - a wand of flame (16/48)
 G - a wand of acid (9/15)
 I - a wand of polymorph (3/24)
Scrolls
 s - 2 scrolls of magic mapping {unknown}
 t - 2 scrolls of amnesia
 w - 2 scrolls of remove curse
 A - a scroll of teleportation
 B - a scroll of enchant armour {unknown}
 C - a scroll of immolation {unknown}
 D - a scroll of recharging {unknown}
 F - 2 scrolls of identify {unknown}
Potions
 e - 4 potions of curing {unknown}
 h - 2 potions of lignification
 i - a potion of berserk rage {unknown}
 j - 5 potions of heal wounds {unknown}
 m - 2 potions of degeneration {unknown}
 n - 2 potions of flight {unknown}
 r - 2 potions of invisibility {unknown}
 x - a potion of mutation {unknown}
 E - a potion of might {unknown}
Books
 c - a book of Maledictions

   Spells                             Type                      Level
   a - Corona                         Hexes                        1
   b - Ensorcelled Hibernation        Hexes/Ice                    2
   c - Confuse                        Hexes                        3
   d - Tukima's Dance                 Hexes                        3
   e - Dazzling Spray                 Conjuration/Hexes            3
 u - a book of Minor Magic

   Spells                             Type                      Level
   a - Magic Dart                     Conjuration                  1
   b - Blink                          Translocation                2
   c - Call Imp                       Summoning                    2
   d - Slow                           Hexes                        2
   e - Conjure Flame                  Conjuration/Fire             3
   f - Mephitic Cloud                 Conjuration/Poison/Air       3
Comestibles
 d - 3 bread rations
 H - a royal jelly


   Skills:
 + Level 4.6 Fighting
 - Level 1.0 Short Blades
 + Level 4.0 Dodging
 - Level 3.8 Stealth
 * Level 9.3 Unarmed Combat
 - Level 2.1 Spellcasting
 - Level 3.1 Hexes


You had 4 spell levels left.
You knew the following spells:

 Your Spells              Type           Power        Failure   Level  Hunger
a - Corona                Hex            ##.....      12%         1    #......
b - Blink                 Tloc           N/A          52%         2    ###....
c - Regeneration          Chrm/Necr      #.........   77%         3    ###....
d - Song of Slaying       Chrm           #.......     52%         2    ###....


Dungeon Overview and Level Annotations

Branches:
Dungeon (8/15)
 Temple: D:4-7         Lair: D:8-11

Altars:
Elyvilon
Gozag
Qazlal
Ru
Sif Muna
Wu Jian
Yredelemnul
Zin


Innate Abilities, Weirdness & Mutations

You have razor-sharp teeth.
Your natural rate of healing is unusually fast.
When hurt, damage is shared between your health and your magic reserves.
Your bite disrupts and absorbs the magic of your enemies.
Potions cannot restore your health.
You are immune to rotting.


Message History

Unknown command.
Okay, then.
You feel very sick.
You feel very sick.
You feel very sick.
You feel sick.
* * * LOW HITPOINT WARNING * * *
You feel very sick.
Found an escape hatch in the ceiling.
Okay, then.
* * * LOW HITPOINT WARNING * * *
You feel sick.
* * * LOW HITPOINT WARNING * * *
You feel sick.
* * * LOW HITPOINT WARNING * * *
You feel sick.
* * * LOW HITPOINT WARNING * * *
You feel sick.
The orc warrior hits you from afar with a trident of venom!!
You die...

.........########.#.##..
.........# ###..#..
.........# ##...#
.........# ###'##
######o## #..... #.#
#.≈.≈. #o# #.._.. #.#
#.≈(≈. #@# #..... #.#
###### ..< ###.# .. ...
... ...#


You could see an orc warrior and an orc.

Vanquished Creatures
  A hippogriff (D:6)
  Eustachio (D:6)
  A hungry ghost (D:8)
  The ghost of HAL9000 the Skirmisher, an amateur OgHu (Sewer)
  Purgy (Sewer)
  A sky beast (D:6)
  An ice beast (D:6)
  An ogre (D:6)
  A centaur (D:7)
  4 bullfrogs
  A scorpion (D:6)
  A howler monkey (D:6)
  2 crimson imps
  A jelly (D:5)
  2 hounds (D:4)
  2 orc wizards (D:6)
  Crazy Yiuf (D:2)
  A gnoll shaman (D:6)
  Jessica (D:2)
  A bullfrog skeleton (D:4)
  3 worker ants
  2 iguanas (D:5)
  A hound zombie (D:5)
  2 hound skeletons
  A howler monkey zombie (D:5)
  2 worker ant zombies
  4 gnolls (D:6)
  7 adders
  2 shadow imps
  2 worms
  4 leopard geckos
  10 orcs
  A bat (Sewer)
  5 giant cockroaches
  3 goblins
  4 hobgoblins
  2 jackals (D:4)
  2 quokkas
  2 ball pythons
  2 frilled lizards
  2 kobolds (Sewer)
  2 rats (D:2)
91 creatures vanquished.

Notes
Turn   | Place    | Note
-------+----------+-------------------------------------------
     0 | D:1      | 4thArraOfDagon the Vine Stalker Enchanter began the quest for the Orb.
     0 | D:1      | Reached XP level 1. HP: 9/9 MP: 4/4
    60 | D:1      | Reached skill level 1 in Short Blades
    67 | D:2      | Noticed Jessica
   116 | D:2      | Killed Jessica
   116 | D:2      | Reached skill level 1 in Unarmed Combat
   116 | D:2      | Reached XP level 2. HP: 6/13 MP: 6/6
   116 | D:2      | Reached XP level 3. HP: 7/16 MP: 7/7
   180 | D:2      | Found a runed door.
   187 | D:2      | Noticed Crazy Yiuf
   191 | D:2      | Paralysed by Crazy Yiuf for 6 turns
   201 | D:2      | Killed Crazy Yiuf
   201 | D:2      | Reached skill level 2 in Unarmed Combat
   201 | D:2      | Gained mutation: Your natural rate of healing is unusually fast. [Vine Stalker growth]
   201 | D:2      | Reached XP level 4. HP: 3/21 MP: 2/8
   351 | D:4      | Reached skill level 3 in Unarmed Combat
   396 | D:4      | Found an ornate altar of the Wu Jian Council.
   402 | D:4      | Became a worshipper of the Wu Jian Council
   510 | D:4      | Reached skill level 4 in Unarmed Combat
   510 | D:4      | Reached XP level 5. HP: 23/24 MP: 7/9
   528 | D:4      | Got a dazzling helmet
   534 | D:4      | Identified the cursed +0 helmet of the Unseen Realm {rF+ rN++ MP+9 Str+2 Dex-5} (You found it on level 4 of the Dungeon)
   557 | D:4      | :O
   583 | D:4      | Found a glowing drain.
   615 | Sewer    | Entered a sewer
   615 | Sewer    | Noticed HAL9000's ghost (amateur OgHu)
   632 | Sewer    | Killed HAL9000's ghost
   632 | Sewer    | Reached skill level 5 in Unarmed Combat
   632 | Sewer    | Reached XP level 6. HP: 28/28 MP: 8/10
   711 | Sewer    | Got a scorched arbalest
   784 | Sewer    | Noticed Purgy
   800 | Sewer    | Killed Purgy
   800 | Sewer    | Reached skill level 6 in Unarmed Combat
  1063 | D:5      | Entered Level 5 of the Dungeon
  1096 | D:5      | Found a basalt altar of Yredelemnul.
  1175 | D:5      | Reached skill level 1 in Fighting
  1175 | D:5      | Reached XP level 7. HP: 20/33 MP: 7/11
  1196 | D:5      | Learned a level 2 spell: Blink
  1276 | D:5      | polve: hi, sorry to bother you, but am i the only one experiencing severe lag today?
  1283 | D:5      | 4thArraOfDagon: hi
  1283 | D:5      | 4thArraOfDagon: well im doing lagless today
  1283 | D:5      | polve: uhm ok must be my home connection then
  1283 | D:5      | polve: thanks!
  1283 | D:5      | 4thArraOfDagon: yea probably
  1283 | D:5      | 4thArraOfDagon: np
  1392 | D:6      | Found a faded altar of an unknown god.
  1392 | D:6      | Found a sacrificial altar of Ru.
  1449 | D:6      | Reached skill level 7 in Unarmed Combat
  1673 | D:6      | Reached * piety under Wu Jian
  1673 | D:6      | Gained mutation: You have razor-sharp teeth. [Vine Stalker growth]
  1673 | D:6      | Reached XP level 8. HP: 36/39 MP: 12/12
  1762 | D:5      | Learned a level 3 spell: Regeneration
  1898 | D:6      | Reached skill level 8 in Unarmed Combat
  2002 | D:6      | Noticed Eustachio
  2019 | D:6      | Killed Eustachio
  2133 | D:6      | Found an opulent altar of Gozag.
  2135 | D:6      | Found a stormy altar of Qazlal.
  2136 | D:6      | Found a faded altar of an unknown god.
  2228 | D:6      | Found a glowing silver altar of Zin.
  2660 | D:7      | Noticed a hippogriff
  2684 | D:6      | Killed a hippogriff
  2684 | D:6      | Reached skill level 9 in Unarmed Combat
  2684 | D:6      | Reached XP level 9. HP: 27/45 MP: 13/13
  2686 | D:6      | Reached ** piety under Wu Jian
  2737 | D:7      | Found a deep blue altar of Sif Muna.
  2891 | D:8      | Learned a level 2 spell: Song of Slaying
  2931 | D:8      | Found a white marble altar of Elyvilon.
  2966 | D:8      | Slain by an orc warrior

Vault maps used:
D:1:      dpeg_arrival_stonehenge_8_columns
D:2:      minmay_misc_feat_doors, uniq_crazy_yiuf_cottage, uniq_natasha,
          uniq_jessica
D:3:      nicolae_ru_path_of_blood
D:4:      old_standard_altar, cheibrodos_sewer_entry_bend, first_bread
D:5:      yredelemnul_altar_generic, tgw_trog
D:6:      zin_scriptorium, chequers_temple_overflow_minitemple, uniq_eustachio
D:7:      lemuel_crystal_altar, minmay_temple_entry_steel_oval, centaur_isle
D:8:      kennysheep_little_box
Sewer:    kennysheep_door_sewer

Skill      XL: |  1  2  3  4  5  6  7  8  9 |
---------------+----------------------------+-----
Short Blades   | 1 |  1.0
Dodging        | 2 3 4 |  4.0
Unarmed Combat | 1 2 4 5 6 7 9 |  9.3
Fighting       | 1 2 4 |  4.6
Stealth        | |  3.8
Spellcasting   | |  2.1
Hexes          | |  3.1

Action                   |  1- 3 |  4- 6 |  7- 9 || total
-------------------------+-------+-------+-------++-------
Melee: Dagger            |    25 |       |       ||    25
       Unarmed           |    23 |   148 |   237 ||   408
       Bite              |     7 |    29 |    54 ||    90
       Punch             |       |     1 |    11 ||    12
 Fire: Blowgun           |       |     2 |       ||     2
Throw: Tomahawk          |       |       |     3 ||     3
 Cast: Corona            |     1 |     1 |       ||     2
Evoke: Wand              |       |       |     5 ||     5
  Use: Scroll            |     2 |     1 |     2 ||     5
       Potion            |     1 |     1 |       ||     2
 Stab: Sleeping          |       |     6 |     2 ||     8
       Distracted        |       |       |     1 ||     1
  Eat: Chunk             |       |     1 |     8 ||     9
Armor: Ring mail         |    13 |    50 |    61 ||   124
       Skin              |     7 |     7 |       ||    14
Dodge: Dodged            |    23 |    64 |   117 ||   204
